 Dungeon Crawl Stone Soup version 0.23.0 (webtiles) character file.

Game seed: 18331664893930524181

807 Borgoz the Ruffian (level 7, -11/61 HPs)
             Began as a Ghoul Gladiator on Feb 10, 2019.
             Was an Initiate of Okawaru.
             Mangled by an ogre
             ... wielding a +0 giant club
              (12 damage)
             ... on level 5 of the Dungeon.
             The game lasted 00:08:37 (4287 turns).

Borgoz the Ruffian (Ghoul Gladiator)                Turns: 4287, Time: 00:08:37

Health: -11/61     AC:  4    Str: 18    XL:     7   Next: 92%
Magic:  6/6        EV: 13    Int:  3    God:    Okawaru [......]
Gold:   259        SH:  0    Dex: 12    Spells: 6/6 levels left

rFire    . . .     SeeInvis +     - Unarmed
rCold    + . .     Gourm    .   (no shield)
rNeg     + + +     Faith    .   a - +0 leather armour
rPois    ∞         Spirit   .   b - +0 helmet
rElec    .         Reflect  .   (no cloak)
rCorr    +         Harm     .   (no gloves)
MR       .....                  (no boots)
Stlth    +.........             (no amulet)
HPRegen  0.00/turn              g - ring of see invisible
MPRegen  0.10/turn              i - ring of resist corrosion

@: rotting
A: rotting body, claws 1, carnivore, cold resistance 1, negative energy
resistance 3, inhibited regeneration, torment resistance, unbreathing
a: Renounce Religion


You were on level 5 of the Dungeon.
You worshipped Okawaru.
Okawaru was noncommittal.
You were not hungry.

You visited 2 branches of the dungeon, and saw 6 of its levels.

You collected 259 gold pieces.

Inventory:

Missiles
 c - 3 throwing nets (quivered)
 p - 4 tomahawks of returning
Armour
 a - a +0 leather armour (worn)
 b - a +0 helmet (worn)
Jewellery
 g - a ring of see invisible (left claw)
 i - a ring of resist corrosion (right claw)
 v - a +5 ring of strength
Scrolls
 e - 7 scrolls of identify {unknown}
 f - 4 scrolls of teleportation {unknown}
 h - 4 scrolls of blinking {unknown}
 j - a scroll of amnesia {unknown}
 k - 3 scrolls of remove curse {unknown}
 o - a scroll of random uselessness {unknown}
 r - a scroll of enchant weapon {unknown}
 t - a scroll of noise {unknown}
 u - a scroll of fog {unknown}
 x - a scroll of fear {unknown}
 y - a scroll of magic mapping {unknown}
Potions
 l - a potion of berserk rage
 m - a potion of curing {unknown}
 n - 2 potions of haste
 q - a potion of flight {unknown}
 z - a potion of degeneration {unknown}
Comestibles
 d - 13 rations


   Skills:
 + Level 5.1 Fighting
 - Level 1.7 Throwing
 + Level 3.6 Armour
 + Level 4.6 Dodging
 + Level 5.7 Unarmed Combat


You had 6 spell levels left.
You didn't know any spells.
Your spell library was empty.

Dungeon Overview and Level Annotations

Branches:
Dungeon (5/15)             Temple (1/1) D:4

Altars:
Ashenzari
Cheibriados
Dithmenos
Elyvilon
Fedhas
Gozag
Hepliaklqana
Makhleb
Nemelex Xobeh
Okawaru
Qazlal
Ru
Sif Muna
Trog
Uskayaw
Yredelemnul
Zin
The Shining One


Innate Abilities, Weirdness & Mutations

Your body is rotting away.
You thrive on raw meat.
You are immune to poison.
You have sharp fingernails.
You are carnivorous and can eat meat at any time.
Your flesh is cold resistant. (rC+)
You are immune to negative energy. (rN+++)
You do not regenerate when monsters are visible.
You are immune to unholy pain and torment.
You can survive without breathing.


Message History

You scratch the ogre.
The ogre is severely wounded.
You barely miss the ogre.
The ogre is severely wounded.
The ogre hits you with a +0 giant club!
You are too injured to fight recklessly!
You barely miss the ogre.
The ogre is severely wounded.
The ogre hits you with a +0 giant club!
* * * LOW HITPOINT WARNING * * *
It was a potion of berserk rage.
You cannot raise a blood rage in your lifeless body.
It was a potion of cancellation.
You feel magically purged. The ogre hits you with a +0 giant club!
* * * LOW HITPOINT WARNING * * *
Unknown command.
You scratch the ogre.
The ogre is severely wounded.
The ogre hits you with a +0 giant club!
You die...

####...............
#####.#.#.#.#.#.#>#
#..................
#.)%###.#.#.#.#.#.#.#
.. #..####.### ##..#
#.# #Z.## #.###
##O######...## #)@#
#.......#### #.##
#.#####....### ## #
####.... ####. ##.
##.. #... ######.##
#........


You could see an ogre and a hound skeleton.

Vanquished Creatures
  An ice beast (D:5)
  An ogre (D:5)
  A bullfrog (D:3)
  A scorpion (D:4)
  A howler monkey (D:4)
  2 orc wizards
  3 orc priests (D:3)
  A bullfrog skeleton (D:4)
  Jessica (D:2)
  An iguana (D:4)
  Robin (D:2)
  4 gnolls
  8 adders
  3 oozes
  4 worms
  3 dart slugs
  3 leopard geckos
  17 orcs
  2 bats
  3 giant cockroaches
  18 goblins
  4 hobgoblins
  8 kobolds
  2 quokkas
  8 frilled lizards
  2 rats
103 creatures vanquished.

Notes
Turn   | Place    | Note
-------+----------+-------------------------------------------
     0 | D:1      | Borgoz the Ghoul Gladiator began the quest for the Orb.
     0 | D:1      | Reached XP level 1. HP: 17/17 MP: 0/0
   241 | D:1      | Reached XP level 2. HP: 25/25 MP: 1/1
   829 | D:2      | Reached skill level 1 in Armour
   829 | D:2      | Reached XP level 3. HP: 14/30 MP: 2/2
  1074 | D:2      | Reached XP level 4. HP: 24/38 MP: 3/3
  1400 | D:2      | Noticed Robin
  1427 | D:2      | Reached XP level 5. HP: 24/45 MP: 4/4
  1433 | D:2      | Killed Robin
  1462 | D:2      | Found a white marble altar of Elyvilon.
  1465 | D:2      | Found a sparkling altar of Nemelex Xobeh.
  1465 | D:2      | Found an iron altar of Okawaru.
  1480 | D:2      | Found a bloodstained altar of Trog.
  1632 | D:2      | Noticed Jessica
  1650 | D:2      | Killed Jessica
  1808 | D:2      | Found a snail-covered altar of Cheibriados.
  2166 | D:3      | Reached XP level 6. HP: 35/52 MP: 5/5
  2407 | D:3      | Found a shattered altar of Ashenzari.
  2785 | D:3      | Found a blossoming altar of Fedhas.
  3001 | D:4      | Reached skill level 5 in Unarmed Combat
  3004 | D:4      | Reached XP level 7. HP: 41/60 MP: 6/6
  3163 | D:4      | Found a staircase to the Ecumenical Temple.
  3202 | Temple   | Entered the Ecumenical Temple
  3516 | D:2      | Became a worshipper of Warmaster Okawaru
  3570 | D:4      | Found a glowing golden altar of the Shining One.
  4001 | D:5      | Entered Level 5 of the Dungeon
  4021 | D:5      | Reached skill level 5 in Fighting
  4023 | D:5      | Found a sacrificial altar of Ru.
  4286 | D:5      | HP: 1/61 [ogre/+0 giant club (10)]
  4287 | D:5      | Mangled by an ogre

Skill      XL: |  1  2  3  4  5  6  7 |
---------------+----------------------+-----
Armour         | 1 2 3 |  3.6
Dodging        | 3 4 |  4.6
Fighting       | 3 4 5 |  5.1
Unarmed Combat | 4 5 |  5.7
Throwing       | |  1.7

Action                   |  1- 3 |  4- 6 |  7- 9 || total
-------------------------+-------+-------+-------++-------
Melee: Unarmed           |    80 |   241 |   114 ||   435
       Punch             |     1 |     3 |     2 ||     6
  Use: Potion            |     1 |       |     2 ||     3
 Stab: Sleeping          |       |     1 |       ||     1
  Eat: Chunk             |     3 |    23 |    14 ||    40
Armor: Leather armour    |    11 |    55 |    14 ||    80
Dodge: Dodged            |    50 |   131 |    67 ||   248
